Map: World of Sleepers LE

Players

Has - Winner!

  • Race: Protoss Protoss
  • Spawn Location: 1:00

ZhuGeLiang

  • Race: Zerg Zerg
  • League: Diamond
  • Spawn Location: 7:00

Event: NationWars 2019

VOD

Have the link to the VOD?

Description

Time

  • Played on: Oct. 6, 2019, 1:17 p.m.
  • Length: 7:47
Show
View Real Time Build Order
Export as new Build Order

Has Protoss - Winner!

Build Orders: 1 Gate Expand, Chargelot Immortal 

Get SALT Encoding   

  12  0:00  Probe  
  13  0:13  Probe  
  14  0:21  Pylon  
  14  0:25  Probe  
  15  0:39  Probe (Chrono Boost), Gateway  
  16  0:49  Probe (Chrono Boost), Assimilator  
  17  0:54  Probe (Chrono Boost)  
  18  0:59  Pylon  
  18  1:05  Probe  
  19  1:26  Cybernetics Core  
  19  1:33  Nexus  
  19  1:36  Probe  
  20  1:44  Assimilator  
  20  1:48  Probe  
  20  1:51  Pylon  
  21  1:59  Adept (Chrono Boost)  
  21  2:06  Warp Gate  
  23  2:09  Probe  
  24  2:20  Adept (Chrono Boost)  
  24  2:21  Probe  
  27  2:33  Probe  
  28  2:38  Robotics Facility  
  28  2:45  Stalker, Probe  
  28  2:47  Probe  
  32  2:58  Probe  
  33  2:59  Probe  
  34  3:10  Probe (Chrono Boost)  
  34  3:11  Probe (Chrono Boost)  
  34  3:17  Sentry  
  34  3:18  Gateway  
  36  3:22  Probe (Chrono Boost)  
  36  3:23  Probe (Chrono Boost)  
  36  3:26  Immortal (Chrono Boost)  
  42  3:28  Probe (Chrono Boost)  
  42  3:30  Probe (Chrono Boost)  
  42  3:34  Pylon  
  44  3:36  Probe  
  44  3:40  Probe  
  46  3:50  Gateway x2  
  46  3:56  Probe x2  
  46  4:02  Warp Prism (Chrono Boost)  
  48  4:08  Pylon  
  50  4:23  Zealot  
  51  4:24  Zealot  
  51  4:29  Twilight Council  
  51  4:30  Forge  
  51  4:31  Pylon  
  52  4:34  Immortal (Chrono Boost)  
  56  4:41  Pylon  
  56  4:51  Sentry, Zealot x3  
  64  5:00  Protoss Ground Weapons Level 1 (Chrono Boost)  
  64  5:03  Immortal (Chrono Boost)  
  68  5:16  Zealot x4  
  68  5:19  Charge  
  72  5:38  Zealot x3  
  76  5:51  Gateway  
  76  5:54  Gateway  
  76  5:56  Gateway  
  68  6:01  Immortal (Chrono Boost)  
  54  6:06  Sentry, Zealot  
  54  6:07  Zealot x2  
  68  6:16  Pylon  
  68  6:17  Pylon  
  68  6:18  Pylon  
  66  6:27  Stalker x3  
  66  6:30  Zealot  
  74  6:52  Zealot x7  
  88  6:57  Pylon  
  88  7:10  Sentry x2  
  88  7:12  Zealot  
  88  7:13  Zealot x3  
  88  7:15  Zealot  
  100  7:35  Stalker  
  100  7:36  Stalker x3  
  108  7:38  Zealot x2  
Show
View Real Time Build Order
Export as new Build Order

ZhuGeLiang Zerg 

Build Orders: Hatch First 

Get SALT Encoding   

  12  0:00  Drone  
  13  0:12  Overlord  
  13  0:16  Drone  
  14  0:31  Drone x2  
  16  0:47  Hatchery  
  15  0:51  Drone  
  15  0:54  Drone  
  17  0:57  Drone  
  18  1:07  Extractor  
  17  1:13  Spawning Pool  
  17  1:15  Drone  
  17  1:19  Drone  
  18  1:28  Drone  
  19  1:39  Drone  
  20  1:49  Overlord  
  20  1:59  Queen x2  
  20  2:00  Zergling x4  
  26  2:08  Metabolic Boost  
  26  2:12  Drone x2  
  28  2:22  Drone x2  
  30  2:36  Hatchery  
  29  2:37  Drone  
  29  2:41  Overlord  
  30  2:48  Queen  
  33  2:51  Drone  
  33  2:56  Drone x2  
  34  3:01  Spore Crawler  
  31  3:09  Spore Crawler  
  31  3:12  Drone x3  
  32  3:15  Drone x2  
  32  3:16  Drone x2  
  32  3:19  Drone  
  39  3:24  Overlord  
  39  3:25  Drone  
  40  3:29  Overlord  
  40  3:33  Drone  
  41  3:39  Lair  
  41  3:44  Drone x2  
  41  3:47  Drone  
  44  3:48  Drone x2  
  44  3:54  Drone x2  
  47  3:58  Roach Warren  
  47  4:01  Drone x2  
  48  4:05  Extractor  
  48  4:06  Extractor  
  48  4:08  Drone x3  
  48  4:11  Spore Crawler, Zergling x2  
  46  4:22  Drone  
  46  4:23  Spore Crawler  
  45  4:27  Zergling x6  
  45  4:29  Drone  
  51  4:34  Drone  
  51  4:35  Drone x4  
  56  4:41  Roach  
  58  4:48  Overlord  
  58  4:51  Overlord  
  58  4:57  Overlord  
  57  5:00  Spine Crawler  
  57  5:01  Ravager  
  57  5:04  Overlord  
  57  5:06  Overlord  
  59  5:07  Roach x4  
  59  5:13  Roach x4  
  73  5:19  Roach x3  
  76  5:30  Roach x3  
  76  5:31  Roach x4  
  83  5:37  Roach x2  
  83  5:41  Roach x2  
  82  5:43  Roach  
  65  5:57  Drone x6  
  65  6:03  Drone x3  
  65  6:15  Drone x2  
  65  6:16  Drone x3  
  70  6:23  Glial Reconstitution  
  70  6:27  Queen  
  70  6:30  Queen  
  74  6:37  Drone  
  74  6:39  Ravager  
  76  6:42  Drone  
  76  6:43  Drone x5  
  82  6:48  Drone x3  
  82  6:49  Drone  
  82  6:50  Drone  
  87  6:56  Spire  
  87  7:00  Drone x2  
  88  7:04  Extractor  
  88  7:05  Extractor  
  88  7:06  Drone x4  
  90  7:12  Drone  
  90  7:13  Drone x4  
  90  7:14  Drone  
  96  7:19  Roach  
  98  7:23  Overlord  
Tags
 
Add a new tag
Caveats
  • Supply blocks, unpowered buildings, or Contaminate may cause inaccurate times.
  • Supply counts are checked every 10 seconds.